 Adventure DCSS version bcrawl-1.27.3 (webtiles) character file.

Game seed: 11608311362103149434

71580 galech the Skirmisher (level 3, 29/29 HPs)
             Began as a Demonspawn Fighter on July 31, 2020.
             Quit the game on level 3 of the Dungeon.
             The game lasted 00:02:17 (2570 turns).

galech the Skirmisher (Demonspawn Fighter)          Turns: 2570, Time: 00:02:17

Health: 29/29      AC:  8    Str: 16    XL:     3   Next: 30%
Magic:  3/3        EV:  5    Int:  9    God:
Gold:   94         SH:  9    Dex: 14    Spells: 2/2 levels left
                                        Lives:  1   Deaths: 1

rFire    . . .     SeeInvis .   a - +0 war axe
rCold    . . .     Gourm    .   c - +0 medium shield
rNeg     . . .     Faith    .   b - +0 scale mail
rPois    .         Spirit   +   (no helmet)
rElec    .         Reflect  .   (no cloak)
rCorr    .         Harm     .   (no gloves)
MR       .....                  (no boots)
Stlth    ..........             l - amulet of guardian spirit
HPRegen  0.09/turn              (no ring)
MPRegen  0.08/turn              (no ring)

@: no status effects
A: slimy green scales 1
a: no special abilities


You were on level 3 of the Dungeon.
You were not hungry.

You visited 1 branch of the dungeon, and saw 3 of its levels.

You collected 94 gold pieces.

Inventory:

Hand Weapons
 a - a +0 war axe (weapon)
Armour
 b - a +0 scale mail (worn)
 c - a +0 medium shield (worn)
Jewellery
 l - an amulet of guardian spirit (around neck)
Scrolls
 i - a scroll of remove curse {unknown}
 j - a scroll of identify
Potions
 f - a potion of heal wounds {unknown}
 g - a potion of curing
 h - a potion of agility {unknown}
 k - a potion of mutation {unknown}
Comestibles
 e - 4 rations {!d}


   Skills:
 + Level 3.3 Fighting
 + Level 2.8 Axes
 + Level 3.2 Armour
 + Level 0.7 Dodging
 + Level 3.2 Shields


You had 2 spell levels left.
You didn't know any spells.
Your spell library was empty.

Dungeon Overview and Level Annotations

Branches:
Dungeon (3/12)

Altars:
Kikubaaqudgha

Annotations:
D:2 2 transporters


Innate Abilities, Weirdness & Mutations

You are partially covered in slimy green scales. (AC +2)


Message History

Beogh smites you!
* * * LOW HITPOINT WARNING * * *
You feel better. Something hits you but does no damage.
You feel very mighty all of a sudden. Something hits you but does no damage.
You closely miss something.
You hear some strange, mumbled words.
You are confused.
Something hits you but does no damage.
You bump into the rock wall.
You hear some strange, mumbled words.
Something tries to affect you, but you resist.
You miss something.
The orc priest mumbles some strange prayers to Beogh against you.
Beogh smites you!
You die...
Xom reaches out...
You are now level 3!
You rejoin the land of the living...
Are you sure you want to abandon this character and quit the game? (Confirm with "yes".)

#.# ####
#.#
##.....
#.#
.......
#.#
...###
#.# ...#
#.#
.......
#.#.##.#
.######
#.....@#
.#
###.####
.# +#


There were no monsters in sight!

Vanquished Creatures
  An adder (D:3)
  An ooze (D:2)
  2 worms (D:2)
  2 dart slugs
  7 leopard geckos
  2 orcs (D:3)
  A bat (D:2)
  A giant cockroach (D:2)
  5 goblins
  9 hobgoblins
  4 jackals
  3 frilled lizards (D:1)
  9 kobolds
  6 rats
53 creatures vanquished.

Notes
Turn   | Place    | Note
-------+----------+-------------------------------------------
     0 | D:1      | galech the Demonspawn Fighter began the quest for the Orb.
     0 | D:1      | Reached XP level 1. HP: 18/18 MP: 1/1
   180 | D:1      | Gained mutation: You are partially covered in slimy green
                  | scales. (AC +2) [demonic ancestry]
   180 | D:1      | Reached XP level 2. HP: 7/24 MP: 2/2
   759 | D:1      | Reached XP level 3. HP: 19/29 MP: 3/3
  1422 | D:2      | Found an ancient bone altar of Kikubaaqudgha.
  1422 | D:2      | Found a transporter.
  1428 | D:2      | Found a transporter.
  2268 | D:2      | Reached XP level 4. HP: 35/35 MP: 4/4
  2569 | D:3      | Killed from afar by an orc priest
  2570 | D:3      | Reached XP level 3. HP: 0/29 MP: 0/3
  2570 | D:3      | Quit the game

Skill      XL: |  1  2 |
---------------+-------+-----
Axes           | 2 |  2.8
Armour         | 3 |  3.2
Shields        | 3 |  3.2
Fighting       | |  3.3
Dodging        | |  0.7

Action                   |  1- 3 |  4- 6 || total
-------------------------+-------+-------++-------
Melee: War axe           |   203 |    49 ||   252
  Use: Potion            |       |     3 ||     3
  Eat: Chunk             |    12 |     3 ||    15
Armor: Scale mail        |    96 |    28 ||   124
Dodge: Dodged            |    38 |    10 ||    48
Block: Medium shield     |   101 |    27 ||   128
